Quebec Nordiques vs Philadelphia Flyers

Created - Monday, March 2, 2026 at 07:53

Goals
1 2 3 T
Quebec Nordiques 1 0 2 3
Philadelphia Flyers 0 0 1 1
Shots
1 2 3 T
Quebec Nordiques 17 11 11 39
Philadelphia Flyers 6 11 13 30

1st period

1. Quebec Nordiques , Nico Hischier 11 (Patrick Kane 6, Matthew Boldy 22) at 15:55

Penalties :
Jack McBain (PHI) for Hooking (Minor) at 0:11, Matthew Knies (QUE) for Holding Stick (Minor) at 18:47

2nd period

No Goal

Penalties :
Jeff Skinner (PHI) for Roughing (Minor) at 11:00

3rd period

2. Philadelphia Flyers , Paul Cotter 4 (Radek Faksa 7) at 1:58
3. Quebec Nordiques , Brock Faber 4 (Connor McDavid 27) at 7:13
4. Quebec Nordiques , Connor McDavid 21 (Alex DeBrincat 16, Michael Anderson 4) at 15:10

Penalties :
Nico Hischier (QUE) for Hooking (Minor) at 2:12, Kirby Dach (PHI) for Tripping (Minor) at 9:33

Goalie Stats

Andrei Vasilevskiy (QUE), 29 saves from 30 shots - (0.967), W, 20-3-4, 60:00 minutes
Jake Allen (PHI), 36 saves from 39 shots - (0.923), L, 14-11-1, 60:00 minutes

Players Stats for Quebec Nordiques

Player Name              G  A  P  +/- PIM S  H  SB GA TA FO     MP     PP MP  PK MP  
------------------------------------------------------------------------------------
Alex DeBrincat           0  1  1   1  0   4  2  1  2  0  1/1    20:32   3:26   0:00 
Alex Vlasic              0  0  0   0  0   1  0  1  0  0  0/0    19:35   0:00   2:27 
Alexandre Carrier        0  0  0   1  0   0  0  0  0  0  0/0    15:32   0:00   1:31 
Brock Faber              1  0  1   0  0   3  0  0  0  1  0/0    17:49   3:31   0:00 
Connor McDavid           1  1  2   1  0   2  4  0  0  0  14/26  20:45   3:26   0:07 
Dylan Larkin             0  0  0   0  0   2  1  0  0  1  4/11   14:55   2:31   1:21 
Jake Evans               0  0  0   0  0   4  1  1  0  1  0/0    11:11   0:00   3:09 
Jake McCabe              0  0  0   1  0   2  0  2  0  0  0/0    23:21   0:00   2:27 
Matthew Boldy            0  1  1   1  0   5  1  0  0  2  0/2    17:06   2:26   0:00 
Matthew Knies            0  0  0   1  2   3  2  1  2  4  0/4    22:20   3:26   1:20 
Michael Anderson         0  1  1   1  0   0  1  1  0  0  0/0    15:32   0:00   1:31 
Nico Hischier            1  0  1   1  2   5  2  0  0  0  14/23  15:37   0:00   1:36 
Nikolaj Ehlers           0  0  0   0  0   2  0  0  0  2  0/0    11:27   0:00   0:00 
Noah Cates               0  0  0   0  0   0  1  1  0  0  0/0     8:02   0:00   0:23 
Patrick Kane             0  1  1   1  0   2  3  0  1  0  0/0    17:03   2:26   0:00 
Rickard Rakell           0  0  0   0  0   3  2  1  1  0  1/1    13:34   2:31   0:00 
Steven Stamkos           0  0  0   0  0   1  0  0  1  0  0/6    10:04   2:31   0:00 
Thomas Harley            0  0  0   1  0   0  2  0  0  0  0/0    21:35   3:31   0:00 

Players Stats for Philadelphia Flyers

Player Name              G  A  P  +/- PIM S  H  SB GA TA FO     MP     PP MP  PK MP  
------------------------------------------------------------------------------------
Alex Steeves             0  0  0  -1  0   2  1  0  0  0  9/12   13:25   0:00   0:00 
Brandon Duhaime          0  0  0   0  0   2  0  0  1  1  0/0    11:16   0:00   0:00 
Cody Glass               0  0  0   0  0   0  1  0  0  0  2/3     4:09   0:00   1:00 
Cole Guttman             0  0  0  -1  0   2  1  2  1  0  0/0    15:28   0:28   0:58 
Colton Sissons           0  0  0  -1  0   3  0  1  3  0  18/30  22:07   1:54   3:08 
Henri Jokiharju          0  0  0  -2  0   3  0  1  0  0  0/0    19:04   2:09   0:00 
J.J. Moser               0  0  0   1  0   0  0  1  0  1  0/0    22:55   2:09   3:00 
Jack McBain              0  0  0  -1  2   3  2  0  1  0  0/0    13:59   0:00   2:02 
Jeff Skinner             0  0  0   0  2   2  1  0  1  0  2/4    20:12   2:29   1:45 
Kaapo Kakko              0  0  0   0  0   4  0  0  0  0  1/3    14:40   2:53   0:24 
Kirby Dach               0  0  0  -1  2   1  0  1  2  1  0/4    13:55   1:13   0:00 
Louis Crevier            0  0  0  -1  0   1  1  4  0  1  0/0    18:21   0:00   2:57 
Nick Blankenburg         0  0  0   1  0   1  1  3  2  0  0/0    22:35   1:49   3:00 
Paul Cotter              1  0  1   0  0   3  1  0  0  0  0/0    12:50   0:00   0:00 
Radek Faksa              0  1  1   0  0   1  2  0  0  0  8/17   15:33   0:04   2:37 
Thomas Novak             0  0  0  -1  0   2  2  1  0  0  0/1    16:26   2:53   0:00 
Will Borgen              0  0  0  -2  0   0  1  2  0  3  0/0    20:36   0:00   2:57 
Zac Jones                0  0  0  -1  0   0  1  0  0  0  0/0    16:29   1:49   0:00 

3 Stars

1 - Connor McDavid (QUE)
2 - Andrei Vasilevskiy (QUE)
3 - Patrick Kane (QUE)

Power Play

Quebec Nordiques - 0 on 3 Attempt(s) - 0.00%
Philadelphia Flyers - 0 on 2 Attempt(s) - 0.00%

Penalty Kill

Quebec Nordiques - 2 on 2 Attempt(s) - 100.00% - Score 0 goal in Penalty Kill
Philadelphia Flyers - 3 on 3 Attempt(s) - 100.00% - Score 0 goal in Penalty Kill

Team Stat

Quebec Nordiques - Hits : 22 - Faceoff Wins : 34 - Blocked Shots : 9 - Penalty Minutes : 4
Philadelphia Flyers - Hits : 15 - Faceoff Wins : 40 - Blocked Shots : 16 - Penalty Minutes : 6

Official

Referees : Cody Beach and Tj Luxmore
Linesman : Jesse Marquis and Ryan Jackson

Game Notes

Cody Glass is injured at 14:38 of 1st period (Left Hand)

Finance

Level 1 -- Attendance: 6000 (100.00%) -- Ticket Income $546,000
Level 2 -- Attendance: 4612 (92.24%) -- Ticket Income $239,824
Level 3 -- Attendance: 3000 (100.00%) -- Ticket Income $84,000
Level 4 -- Attendance: 5000 (100.00%) -- Ticket Income $90,000
Luxury Box -- Attendance: 941 (94.10%) -- Ticket Income $178,790
Game was played at the Wells Fargo Center.
Total Attendance: 19553 (97.77%)
Total Ticket Income: $1,138,614
Other Income: $398,515
Total Income: $1,537,129

Quebec Nordiques

5 vs 5 Forward 
   Center                   Left Wing                Right Wing               Time % Phy DF OF 
 1 Connor McDavid           Matthew Knies            Alex DeBrincat           35     1   1  3  
 2 Nico Hischier            Patrick Kane             Matthew Boldy            30     1   2  2  
 3 Dylan Larkin             Rickard Rakell           Nikolaj Ehlers           20     1   2  2  
 4 Steven Stamkos           Noah Cates               Jake Evans               15     1   3  1  

5 vs 5 Defense 
   Defense                  Defense                                           Time % Phy DF OF 
 1 Jake McCabe              Thomas Harley                                     35     1   3  1  
 2 Alex Vlasic              Brock Faber                                       30     1   3  1  
 3 Michael Anderson         Alexandre Carrier                                 25     1   3  1  
 4 Jake McCabe              Alex Vlasic                                       10     1   3  1  

PowerPlay Forward 
   Center                   Left Wing                Right Wing               Time % Phy DF OF 
 1 Connor McDavid           Matthew Knies            Alex DeBrincat           60     0   1  4  
 2 Steven Stamkos           Dylan Larkin             Rickard Rakell           40     0   1  4  

PowerPlay Defense
   Defense                  Defense                                           Time % Phy DF OF 
 1 Thomas Harley            Brock Faber                                       70     0   2  3  
 2 Patrick Kane             Matthew Boldy                                     30     0   1  4  

Penalty Kill 4 Players Forward 
   Center                   Wing                     Time % Phy DF OF 
 1 Nico Hischier            Jake Evans               60     2   3  0  
 2 Dylan Larkin             Noah Cates               40     2   3  0  

Penalty Kill 4 Players Defense
   Defense                  Defense                  Time % Phy DF OF 
 1 Alex Vlasic              Jake McCabe              60     2   3  0  
 2 Michael Anderson         Alexandre Carrier        40     2   3  0  

Penalty Kill - 3 Players Forward 
   Forward                                           Time % Phy DF OF 
 1 Nico Hischier                                     60     2   3  0  
 2 Jake Evans                                        40     2   3  0  

Penalty Kill - 3 Players Defense
   Defense                  Defense                  Time % Phy DF OF 
 1 Alex Vlasic              Jake McCabe              60     2   3  0  
 2 Michael Anderson         Alexandre Carrier        40     2   3  0  

4 vs 4 Forward 
   Center                   Wing                     Time % Phy DF OF 
 1 Connor McDavid           Matthew Knies            60     1   1  3  
 2 Nico Hischier            Matthew Boldy            40     1   1  3  

4 vs 4 Defense
   Defense                  Defense                  Time % Phy DF OF 
 1 Jake McCabe              Thomas Harley            60     1   2  2  
 2 Alex Vlasic              Brock Faber              40     1   2  2  

Last Minutes Offensive
   Center                   Left Wing                Right Wing               Defense                  Defense                  
   Connor McDavid           Alex DeBrincat           Matthew Knies            Brock Faber              Thomas Harley            

Last Minutes Defensive
   Center                   Left Wing                Right Wing               Defense                  Defense                  
   Nico Hischier            Dylan Larkin             Jake Evans               Alex Vlasic              Jake McCabe              

Goaltenders
Starting : Andrei Vasilevskiy       
Backup : Devon Levi               

Extra Forwards
Normal : Nikolaj Ehlers, Matthew Boldy, Matthew Knies - PP : Nikolaj Ehlers, Matthew Boldy - PK : Matthew Knies
Extra Defensemen
Normal : Michael Anderson, Alexandre Carrier, Alex Vlasic - PP : Jake McCabe - PK : Thomas Harley, Brock Faber
Penalty Shots
Matthew Boldy, Alex DeBrincat, Connor McDavid, Patrick Kane, Rickard Rakell

Scratches
Michael McCarron (Healthy)

Philadelphia Flyers

5 vs 5 Forward 
   Center                   Left Wing                Right Wing               Time % Phy DF OF 
 1 Colton Sissons           Kirby Dach               Jack McBain              25     1   2  2  
 2 Cody Glass               Kaapo Kakko              Brandon Duhaime          25     1   2  2  
 3 Alex Steeves             Thomas Novak             Cole Guttman             25     1   2  2  
 4 Radek Faksa              Jeff Skinner             Paul Cotter              25     1   2  2  

5 vs 5 Defense 
   Defense                  Defense                                           Time % Phy DF OF 
 1 Nick Blankenburg         J.J. Moser                                        35     1   2  2  
 2 Will Borgen              Henri Jokiharju                                   35     1   2  2  
 3 Zac Jones                Louis Crevier                                     30     1   2  2  
 4 Nick Blankenburg         J.J. Moser                                        0      1   2  2  

PowerPlay Forward 
   Center                   Left Wing                Right Wing               Time % Phy DF OF 
 1 Cody Glass               Thomas Novak             Kaapo Kakko              50     1   2  2  
 2 Colton Sissons           Jeff Skinner             Kirby Dach               50     1   2  2  

PowerPlay Defense
   Defense                  Defense                                           Time % Phy DF OF 
 1 Nick Blankenburg         Zac Jones                                         50     1   2  2  
 2 J.J. Moser               Henri Jokiharju                                   50     1   2  2  

Penalty Kill 4 Players Forward 
   Center                   Wing                     Time % Phy DF OF 
 1 Colton Sissons           Cody Glass               50     1   2  2  
 2 Radek Faksa              Jack McBain              50     1   2  2  

Penalty Kill 4 Players Defense
   Defense                  Defense                  Time % Phy DF OF 
 1 Nick Blankenburg         J.J. Moser               50     1   2  2  
 2 Will Borgen              Louis Crevier            50     1   2  2  

Penalty Kill - 3 Players Forward 
   Forward                                           Time % Phy DF OF 
 1 Colton Sissons                                    50     1   2  2  
 2 Kaapo Kakko                                       50     1   2  2  

Penalty Kill - 3 Players Defense
   Defense                  Defense                  Time % Phy DF OF 
 1 Nick Blankenburg         J.J. Moser               50     1   2  2  
 2 Will Borgen              Louis Crevier            50     1   2  2  

4 vs 4 Forward 
   Center                   Wing                     Time % Phy DF OF 
 1 Colton Sissons           Kirby Dach               50     1   2  2  
 2 Cody Glass               Kaapo Kakko              50     1   2  2  

4 vs 4 Defense
   Defense                  Defense                  Time % Phy DF OF 
 1 Nick Blankenburg         J.J. Moser               50     1   2  2  
 2 Will Borgen              Henri Jokiharju          50     1   2  2  

Last Minutes Offensive
   Center                   Left Wing                Right Wing               Defense                  Defense                  
   Cody Glass               Thomas Novak             Kaapo Kakko              Nick Blankenburg         J.J. Moser               

Last Minutes Defensive
   Center                   Left Wing                Right Wing               Defense                  Defense                  
   Colton Sissons           Radek Faksa              Jack McBain              Nick Blankenburg         J.J. Moser               

Goaltenders
Starting : Jake Allen               
Backup : Dennis Hildeby           

Extra Forwards
Normal : Colton Sissons, Cody Glass, Kaapo Kakko - PP : Cody Glass, Colton Sissons - PK : Colton Sissons
Extra Defensemen
Normal : J.J. Moser, Henri Jokiharju, Will Borgen - PP : J.J. Moser - PK : J.J. Moser, Henri Jokiharju
Penalty Shots
Kirby Dach, Thomas Novak, Kaapo Kakko, Cody Glass, Radek Faksa

Scratches
Juuso Parssinen (Healthy), Miles Wood (Healthy), Josh Mahura (Healthy), Dylan Roobroeck (Healthy), Calle Jarnkrok (Strained Right Knee Injury)

% Time on Ice - Quebec Nordiques

Lines # - Real PCT - Wanted PCT - Time Play
Normal Forward
1 - 36% - 35% - 17:48
2 - 27% - 30% - 13:41
3 - 22% - 20% - 10:57
4 - 15% - 15% - 7:39
Normal Defense
1 - 36% - 35% - 18:11
2 - 30% - 30% - 15:09
3 - 27% - 25% - 13:38
4 - 6% - 10% - 3:07
PP Forward
1 - 58% - 60% - 3:26
2 - 42% - 40% - 2:31
PP Defense
1 - 59% - 70% - 3:31
2 - 41% - 30% - 2:26
PK Forward
1 - 90% - 60% - 3:35
2 - 10% - 40% - 0:23
PK Defense
1 - 62% - 60% - 2:27
2 - 38% - 40% - 1:31
PK3 Forward
1 - 0% - 60%
2 - 0% - 40%
PK3 Defense
1 - 0% - 60%
2 - 0% - 40%
44 Forward
1 - 0% - 60%
2 - 0% - 40%
44 Defense
1 - 0% - 60%
2 - 0% - 40%
Last Minute Offensive  - 0:00
Last Minute Defensive  - 0:00
Total
Forward - 60:00
Defense - 60:00

% Time on Ice - Philadelphia Flyers

Lines # - Real PCT - Wanted PCT - Time Play
Normal Forward
1 - 25% - 25% - 12:32
2 - 23% - 25% - 11:18
3 - 27% - 25% - 13:25
4 - 26% - 25% - 12:50
Normal Defense
1 - 35% - 35% - 17:46
2 - 35% - 35% - 17:46
3 - 29% - 30% - 14:33
4 - 0% - 0% - 0:00
PP Forward
1 - 79% - 50% - 3:07
2 - 21% - 50% - 0:51
PP Defense
1 - 46% - 50% - 1:49
2 - 54% - 50% - 2:09
PK Forward
1 - 56% - 50% - 3:20
2 - 44% - 50% - 2:37
PK Defense
1 - 50% - 50% - 3:00
2 - 50% - 50% - 2:57
PK3 Forward
1 - 0% - 50%
2 - 0% - 50%
PK3 Defense
1 - 0% - 50%
2 - 0% - 50%
44 Forward
1 - 0% - 50%
2 - 0% - 50%
44 Defense
1 - 0% - 50%
2 - 0% - 50%
Last Minute Offensive  - 0:00
Last Minute Defensive  - 0:00
Total
Forward - 60:00
Defense - 60:00

Play-by-Play

1st period


0:01 of 1st period - Colton Sissons wins face-off versus Connor McDavid in neutral zone.
0:11 of 1st period - Minor Penalty to Jack McBain for Hooking.
0:12 of 1st period - Colton Sissons wins face-off versus Connor McDavid in Philadelphia Flyers zone.
1:14 of 1st period - Backhand shot by Jeff Skinner.
1:14 of 1st period - Stopped by Andrei Vasilevskiy without a rebound.
1:15 of 1st period - Connor McDavid wins face-off versus Radek Faksa in Quebec Nordiques zone.
1:19 of 1st period - Off-side.
1:20 of 1st period - Radek Faksa wins face-off versus Steven Stamkos in neutral zone.
1:48 of 1st period - Nick Blankenburg is hit by Alex DeBrincat.
1:58 of 1st period - Will Borgen is hit by Matthew Knies and loses puck.
2:11 of 1st period - Penalty to Jack McBain is over, Jack McBain is back on ice.
4:17 of 1st period - Nick Blankenburg is hit by Patrick Kane and loses puck.
4:34 of 1st period - Slapshot by Noah Cates.
4:34 of 1st period - Shot Blocked by Henri Jokiharju.
5:08 of 1st period - Colton Sissons is hit by Connor McDavid and loses puck.
5:21 of 1st period - Slapshot by Matthew Knies.
5:21 of 1st period - Stopped by Jake Allen with a rebound.
5:38 of 1st period - Brock Faber is hit by Radek Faksa and loses puck.
5:51 of 1st period - Louis Crevier is hit by Matthew Boldy and loses puck.
6:22 of 1st period - Matthew Knies is hit by Cole Guttman and loses puck.
6:33 of 1st period - Jeff Skinner is hit by Rickard Rakell and loses puck.
6:56 of 1st period - Slapshot by Steven Stamkos.
6:56 of 1st period - Shot Blocked by Louis Crevier.
6:58 of 1st period - Wrist shot by Jake Evans.
6:58 of 1st period - Shot Blocked by Colton Sissons.
7:00 of 1st period - Wrist shot by Jake Evans.
7:00 of 1st period - Stopped by Jake Allen without a rebound.
7:01 of 1st period - Cody Glass wins face-off versus Matthew Knies in Philadelphia Flyers zone.
7:13 of 1st period - Connor McDavid is hit by Cody Glass and loses puck.
8:00 of 1st period - Off-side.
8:01 of 1st period - Rickard Rakell wins face-off versus Colton Sissons in neutral zone.
8:16 of 1st period - Wrist shot by Dylan Larkin.
8:16 of 1st period - Stopped by Jake Allen with a rebound.
8:20 of 1st period - Slapshot by Nikolaj Ehlers.
8:20 of 1st period - Stopped by Jake Allen with a rebound.
8:22 of 1st period - Slapshot by Michael Anderson.
8:22 of 1st period - Shot Blocked by Louis Crevier.
8:28 of 1st period - Wrist shot by Nikolaj Ehlers.
8:28 of 1st period - Shot Hit the Post.
8:30 of 1st period - Slapshot by Alex Vlasic.
8:30 of 1st period - Stopped by Jake Allen without a rebound.
8:31 of 1st period - Connor McDavid wins face-off versus Radek Faksa in Philadelphia Flyers zone.
8:36 of 1st period - Snap shot by Alex DeBrincat.
8:36 of 1st period - Stopped by Jake Allen with a rebound.
8:58 of 1st period - Snap shot by Matthew Boldy.
8:58 of 1st period - Deflect By Patrick Kane.
8:58 of 1st period - Deflect By Brandon Duhaime.
8:58 of 1st period - Stopped by Jake Allen without a rebound.
8:59 of 1st period - Nico Hischier wins face-off versus Cody Glass in Philadelphia Flyers zone.
9:10 of 1st period - Wrist shot by Nico Hischier.
9:10 of 1st period - Deflect By Brandon Duhaime.
9:10 of 1st period - Stopped by Jake Allen with a rebound.
9:26 of 1st period - Wrist shot by Patrick Kane.
9:26 of 1st period - Stopped by Jake Allen without a rebound.
9:27 of 1st period - Connor McDavid wins face-off versus Alex Steeves in Philadelphia Flyers zone.
9:30 of 1st period - Backhand shot by Connor McDavid.
9:30 of 1st period - Stopped by Jake Allen with a rebound.
9:32 of 1st period - Slapshot by Brock Faber.
9:32 of 1st period - Shot Hit the Post.
9:34 of 1st period - Slapshot by Alex Vlasic.
9:34 of 1st period - Shot Blocked by Will Borgen.
9:36 of 1st period - Slapshot by Alex Vlasic.
9:36 of 1st period - Deflect By Alex DeBrincat.
9:36 of 1st period - Stopped by Jake Allen with a rebound.
9:38 of 1st period - Wrist shot by Alex DeBrincat.
9:38 of 1st period - Stopped by Jake Allen with a rebound.
9:40 of 1st period - Slapshot by Alex Vlasic.
9:40 of 1st period - Shot Blocked by Thomas Novak.
9:42 of 1st period - Snap shot by Brock Faber.
9:42 of 1st period - Shot Misses the Net.
9:44 of 1st period - Snap shot by Alex DeBrincat.
9:44 of 1st period - Stopped by Jake Allen with a rebound.
9:58 of 1st period - Jake Evans is hit by Radek Faksa and loses puck.
10:03 of 1st period - Wrist shot by Paul Cotter.
10:03 of 1st period - Stopped by Andrei Vasilevskiy with a rebound.
10:19 of 1st period - Snap shot by Kirby Dach.
10:19 of 1st period - Shot Misses the Net.
11:13 of 1st period - Wrist shot by Thomas Novak.
11:13 of 1st period - Shot Blocked by Jake McCabe.
11:53 of 1st period - Slapshot by Patrick Kane.
11:53 of 1st period - Deflect By Matthew Boldy.
11:53 of 1st period - Shot Misses the Net.
11:53 of 1st period - Puck is out of play.
11:54 of 1st period - Colton Sissons wins face-off versus Nico Hischier in Philadelphia Flyers zone.
11:54 of 1st period - Colton Sissons is hit by Thomas Harley.
11:59 of 1st period - Icing by Jack McBain.
12:00 of 1st period - Colton Sissons wins face-off versus Matthew Boldy in Philadelphia Flyers zone.
12:17 of 1st period - Slapshot by Matthew Boldy.
12:17 of 1st period - Stopped by Jake Allen without a rebound.
12:18 of 1st period - Connor McDavid wins face-off versus Alex Steeves in Philadelphia Flyers zone.
12:45 of 1st period - Radek Faksa is hit by Nico Hischier and loses puck.
13:16 of 1st period - Slapshot by Rickard Rakell.
13:16 of 1st period - Deflect By Dylan Larkin.
13:16 of 1st period - Stopped by Jake Allen without a rebound.
13:17 of 1st period - Colton Sissons wins face-off versus Connor McDavid in Philadelphia Flyers zone.
13:56 of 1st period - Icing by Matthew Boldy.
13:57 of 1st period - Alex Steeves wins face-off versus Nico Hischier in Quebec Nordiques zone.
14:36 of 1st period - Snap shot by Patrick Kane.
14:36 of 1st period - Deflect By Nico Hischier.
14:36 of 1st period - Shot Blocked by Cole Guttman.
14:36 of 1st period - Puck is out of play.
14:37 of 1st period - Cody Glass wins face-off versus Connor McDavid in Philadelphia Flyers zone.
14:37 of 1st period - Cody Glass is hit by Alex DeBrincat.
14:38 of 1st period - Cody Glass from Philadelphia Flyers is injured at 14:38 of 1st period (Left Hand).
14:39 of 1st period - Connor McDavid wins face-off versus Radek Faksa in Philadelphia Flyers zone.
14:44 of 1st period - Slapshot by Connor McDavid.
14:44 of 1st period - Shot Misses the Net.
14:54 of 1st period - Wrist shot by Matthew Knies.
14:54 of 1st period - Shot Blocked by Nick Blankenburg.
14:56 of 1st period - Slapshot by Jake McCabe.
14:56 of 1st period - Stopped by Jake Allen with a rebound.
15:30 of 1st period - Colton Sissons is hit by Rickard Rakell and loses puck.
15:53 of 1st period - Slapshot by Patrick Kane.
15:53 of 1st period - Shot Blocked by Will Borgen.
15:55 of 1st period - Snap shot by Nico Hischier.
15:55 of 1st period - Goal by Nico Hischier - Quebec Nordiques : 1 - Philadelphia Flyers : 0.
15:56 of 1st period - Connor McDavid wins face-off versus Colton Sissons in neutral zone.
16:52 of 1st period - Snap shot by Nico Hischier.
16:52 of 1st period - Shot Misses the Net.
17:00 of 1st period - Snap shot by Kaapo Kakko.
17:00 of 1st period - Stopped by Andrei Vasilevskiy with a rebound.
17:02 of 1st period - Slapshot by Will Borgen.
17:02 of 1st period - Shot Misses the Net.
17:04 of 1st period - Wrist shot by Brandon Duhaime.
17:04 of 1st period - Stopped by Andrei Vasilevskiy with a rebound.
17:06 of 1st period - Wrist shot by Kaapo Kakko.
17:06 of 1st period - Shot Misses the Net.
17:08 of 1st period - Slapshot by Henri Jokiharju.
17:08 of 1st period - Stopped by Andrei Vasilevskiy with a rebound.
17:10 of 1st period - Snap shot by Kaapo Kakko.
17:10 of 1st period - Shot Misses the Net.
17:12 of 1st period - Snap shot by Brandon Duhaime.
17:12 of 1st period - Stopped by Andrei Vasilevskiy without a rebound.
17:13 of 1st period - Connor McDavid wins face-off versus Colton Sissons in Quebec Nordiques zone.
17:21 of 1st period - Icing by Matthew Knies.
17:22 of 1st period - Connor McDavid wins face-off versus Kirby Dach in Quebec Nordiques zone.
17:29 of 1st period - Zac Jones is hit by Connor McDavid and loses puck.
18:28 of 1st period - Louis Crevier is hit by Matthew Knies and loses puck.
18:47 of 1st period - Minor Penalty to Matthew Knies for Holding Stick.
18:48 of 1st period - Nico Hischier wins face-off versus Jeff Skinner in Quebec Nordiques zone.
18:59 of 1st period - Alex Vlasic is hit by Thomas Novak.
19:22 of 1st period - Icing by J.J. Moser.
19:23 of 1st period - Kaapo Kakko wins face-off versus Nico Hischier in Philadelphia Flyers zone.
Goals for this period are 1 for Quebec Nordiques vs 0 for Philadelphia Flyers.
Shots for this period are 17 for Quebec Nordiques vs 6 for Philadelphia Flyers.

2nd period


0:01 of 2nd period - Nico Hischier wins face-off versus Colton Sissons in neutral zone.
0:47 of 2nd period - Penalty to Matthew Knies is over, Matthew Knies is back on ice.
0:53 of 2nd period - Icing by Jake Evans.
0:54 of 2nd period - Colton Sissons wins face-off versus Nico Hischier in Quebec Nordiques zone.
1:07 of 2nd period - Wrist shot by Colton Sissons.
1:07 of 2nd period - Shot Misses the Net.
1:09 of 2nd period - Wrist shot by Jack McBain.
1:09 of 2nd period - Deflect By Kirby Dach.
1:09 of 2nd period - Shot Misses the Net.
1:09 of 2nd period - Puck is out of play.
1:10 of 2nd period - Alex Steeves wins face-off versus Dylan Larkin in Quebec Nordiques zone.
1:13 of 2nd period - Wrist shot by Thomas Novak.
1:13 of 2nd period - Stopped by Andrei Vasilevskiy with a rebound.
1:15 of 2nd period - Snap shot by Cole Guttman.
1:15 of 2nd period - Stopped by Andrei Vasilevskiy without a rebound.
1:16 of 2nd period - Dylan Larkin wins face-off versus Thomas Novak in Quebec Nordiques zone.
1:49 of 2nd period - Jake McCabe is hit by Nick Blankenburg and loses puck.
1:57 of 2nd period - Icing by Thomas Harley.
1:58 of 2nd period - Colton Sissons wins face-off versus Connor McDavid in Quebec Nordiques zone.
2:21 of 2nd period - Wrist shot by Matthew Knies.
2:21 of 2nd period - Stopped by Jake Allen without a rebound.
2:22 of 2nd period - Radek Faksa wins face-off versus Nico Hischier in Philadelphia Flyers zone.
3:37 of 2nd period - Wrist shot by Kirby Dach.
3:37 of 2nd period - Shot Blocked by Noah Cates.
3:39 of 2nd period - Snap shot by Colton Sissons.
3:39 of 2nd period - Stopped by Andrei Vasilevskiy with a rebound.
3:41 of 2nd period - Snap shot by Louis Crevier.
3:41 of 2nd period - Shot Misses the Net.
3:53 of 2nd period - Snap shot by Matthew Boldy.
3:53 of 2nd period - Stopped by Jake Allen without a rebound.
3:54 of 2nd period - Nico Hischier wins face-off versus Radek Faksa in Philadelphia Flyers zone.
4:25 of 2nd period - Off-side.
4:26 of 2nd period - Alex Steeves wins face-off versus Dylan Larkin in neutral zone.
4:30 of 2nd period - Icing by Alex Vlasic.
4:31 of 2nd period - Dylan Larkin wins face-off versus Colton Sissons in Quebec Nordiques zone.
4:36 of 2nd period - Slapshot by Colton Sissons.
4:36 of 2nd period - Stopped by Andrei Vasilevskiy without a rebound.
4:37 of 2nd period - Nico Hischier wins face-off versus Colton Sissons in Quebec Nordiques zone.
4:46 of 2nd period - Wrist shot by Nico Hischier.
4:46 of 2nd period - Stopped by Jake Allen without a rebound.
4:47 of 2nd period - Alex Steeves wins face-off versus Nico Hischier in Philadelphia Flyers zone.
5:07 of 2nd period - Off-side.
5:08 of 2nd period - Colton Sissons wins face-off versus Matthew Knies in neutral zone.
5:35 of 2nd period - Alex Vlasic is hit by Will Borgen and loses puck.
5:44 of 2nd period - Snap shot by Matthew Boldy.
5:44 of 2nd period - Stopped by Jake Allen with a rebound.
5:46 of 2nd period - Snap shot by Matthew Boldy.
5:46 of 2nd period - Deflect By Patrick Kane.
5:46 of 2nd period - Shot Misses the Net.
5:46 of 2nd period - Puck is out of play.
5:47 of 2nd period - Alex Steeves wins face-off versus Dylan Larkin in Philadelphia Flyers zone.
6:00 of 2nd period - Snap shot by Rickard Rakell.
6:00 of 2nd period - Stopped by Jake Allen without a rebound.
6:01 of 2nd period - Connor McDavid wins face-off versus Radek Faksa in Philadelphia Flyers zone.
6:02 of 2nd period - Wrist shot by Matthew Knies.
6:02 of 2nd period - Shot Misses the Net.
7:46 of 2nd period - Off-side.
7:47 of 2nd period - Alex Steeves wins face-off versus Nico Hischier in neutral zone.
7:54 of 2nd period - Wrist shot by Cole Guttman.
7:54 of 2nd period - Shot Misses the Net.
8:00 of 2nd period - Snap shot by Alex Steeves.
8:00 of 2nd period - Shot Misses the Net.
8:02 of 2nd period - Slapshot by Will Borgen.
8:02 of 2nd period - Shot Blocked by Michael Anderson.
8:12 of 2nd period - Kaapo Kakko is hit by Michael Anderson and loses puck.
8:37 of 2nd period - Paul Cotter is hit by Jake Evans and loses puck.
9:19 of 2nd period - Louis Crevier is hit by Patrick Kane and loses puck.
9:40 of 2nd period - Snap shot by Radek Faksa.
9:40 of 2nd period - Shot Blocked by Rickard Rakell.
9:42 of 2nd period - Snap shot by Radek Faksa.
9:42 of 2nd period - Stopped by Andrei Vasilevskiy without a rebound.
9:43 of 2nd period - Radek Faksa wins face-off versus Dylan Larkin in Quebec Nordiques zone.
9:44 of 2nd period - Snap shot by Paul Cotter.
9:44 of 2nd period - Deflect By Jeff Skinner.
9:44 of 2nd period - Shot Misses the Net.
9:44 of 2nd period - Puck is out of play.
9:45 of 2nd period - Connor McDavid wins face-off versus Radek Faksa in Quebec Nordiques zone.
9:54 of 2nd period - Wrist shot by Connor McDavid.
9:54 of 2nd period - Deflect By Alex DeBrincat.
9:54 of 2nd period - Shot Misses the Net.
9:54 of 2nd period - Puck is out of play.
9:55 of 2nd period - Alex DeBrincat wins face-off versus Colton Sissons in Philadelphia Flyers zone.
10:08 of 2nd period - Snap shot by Jack McBain.
10:08 of 2nd period - Stopped by Andrei Vasilevskiy with a rebound.
10:35 of 2nd period - Wrist shot by Matthew Knies.
10:35 of 2nd period - Shot Blocked by Kirby Dach.
10:37 of 2nd period - Slapshot by Brock Faber.
10:37 of 2nd period - Stopped by Jake Allen with a rebound.
10:39 of 2nd period - Snap shot by Alex DeBrincat.
10:39 of 2nd period - Deflect By J.J. Moser.
10:39 of 2nd period - Shot Blocked by Nick Blankenburg.
10:39 of 2nd period - Puck is out of play.
10:40 of 2nd period - Nico Hischier wins face-off versus Jeff Skinner in Philadelphia Flyers zone.
11:00 of 2nd period - Minor Penalty to Jeff Skinner for Roughing.
11:01 of 2nd period - Radek Faksa wins face-off versus Connor McDavid in Philadelphia Flyers zone.
11:27 of 2nd period - Brock Faber is hit by Louis Crevier and loses puck.
11:38 of 2nd period - Louis Crevier is hit by Patrick Kane.
12:10 of 2nd period - Snap shot by Colton Sissons.
12:10 of 2nd period - Shot Misses the Net.
12:47 of 2nd period - Icing by Matthew Knies.
12:48 of 2nd period - Connor McDavid wins face-off versus Kaapo Kakko in Quebec Nordiques zone.
13:00 of 2nd period - Penalty to Jeff Skinner is over, Jeff Skinner is back on ice.
13:11 of 2nd period - Snap shot by Jeff Skinner.
13:11 of 2nd period - Shot Misses the Net.
13:15 of 2nd period - Wrist shot by Paul Cotter.
13:15 of 2nd period - Shot Misses the Net.
14:25 of 2nd period - Wrist shot by Cole Guttman.
14:25 of 2nd period - Stopped by Andrei Vasilevskiy without a rebound.
14:26 of 2nd period - Colton Sissons wins face-off versus Connor McDavid in Quebec Nordiques zone.
14:27 of 2nd period - Snap shot by Kaapo Kakko.
14:27 of 2nd period - Stopped by Andrei Vasilevskiy with a rebound.
14:52 of 2nd period - Radek Faksa is hit by Dylan Larkin and loses puck.
15:15 of 2nd period - Snap shot by Matthew Boldy.
15:15 of 2nd period - Stopped by Jake Allen with a rebound.
15:17 of 2nd period - Snap shot by Nico Hischier.
15:17 of 2nd period - Deflect By Patrick Kane.
15:17 of 2nd period - Shot Blocked by J.J. Moser.
15:17 of 2nd period - Puck is out of play.
15:18 of 2nd period - Colton Sissons wins face-off versus Connor McDavid in Philadelphia Flyers zone.
16:10 of 2nd period - Slapshot by Paul Cotter.
16:10 of 2nd period - Shot Misses the Net.
16:28 of 2nd period - Snap shot by Steven Stamkos.
16:28 of 2nd period - Stopped by Jake Allen with a rebound.
16:30 of 2nd period - Slapshot by Brock Faber.
16:30 of 2nd period - Shot Misses the Net.
16:38 of 2nd period - Backhand shot by Jake Evans.
16:38 of 2nd period - Stopped by Jake Allen with a rebound.
16:48 of 2nd period - Wrist shot by Kaapo Kakko.
16:48 of 2nd period - Stopped by Andrei Vasilevskiy with a rebound.
17:12 of 2nd period - Snap shot by Paul Cotter.
17:12 of 2nd period - Stopped by Andrei Vasilevskiy without a rebound.
17:13 of 2nd period - Nico Hischier wins face-off versus Colton Sissons in Quebec Nordiques zone.
17:38 of 2nd period - Snap shot by Matthew Boldy.
17:38 of 2nd period - Stopped by Jake Allen without a rebound.
17:39 of 2nd period - Alex Steeves wins face-off versus Connor McDavid in Philadelphia Flyers zone.
18:35 of 2nd period - Wrist shot by Brandon Duhaime.
18:35 of 2nd period - Shot Misses the Net.
18:37 of 2nd period - Wrist shot by Henri Jokiharju.
18:37 of 2nd period - Stopped by Andrei Vasilevskiy with a rebound.
19:45 of 2nd period - Backhand shot by Nico Hischier.
19:45 of 2nd period - Stopped by Jake Allen without a rebound.
19:46 of 2nd period - Connor McDavid wins face-off versus Alex Steeves in Philadelphia Flyers zone.
19:53 of 2nd period - Cole Guttman is hit by Connor McDavid and loses puck.
Goals for this period are 0 for Quebec Nordiques vs 0 for Philadelphia Flyers.
Shots for this period are 11 for Quebec Nordiques vs 11 for Philadelphia Flyers.

3rd period


0:01 of 3rd period - Nico Hischier wins face-off versus Kirby Dach in neutral zone.
0:04 of 3rd period - Jack McBain is hit by Nico Hischier and loses puck.
0:34 of 3rd period - Wrist shot by Radek Faksa.
0:34 of 3rd period - Shot Misses the Net.
0:44 of 3rd period - J.J. Moser is hit by Connor McDavid and loses puck.
1:32 of 3rd period - Wrist shot by Matthew Knies.
1:32 of 3rd period - Stopped by Jake Allen with a rebound.
1:58 of 3rd period - Slapshot by Paul Cotter.
1:58 of 3rd period - Goal by Paul Cotter - Quebec Nordiques : 1 - Philadelphia Flyers : 1.
1:59 of 3rd period - Colton Sissons wins face-off versus Nico Hischier in neutral zone.
2:01 of 3rd period - Off-side.
2:02 of 3rd period - Nico Hischier wins face-off versus Colton Sissons in neutral zone.
2:12 of 3rd period - Minor Penalty to Nico Hischier for Hooking.
2:13 of 3rd period - Colton Sissons wins face-off versus Matthew Knies in Quebec Nordiques zone.
2:17 of 3rd period - Wrist shot by Kaapo Kakko.
2:17 of 3rd period - Shot Misses the Net.
2:19 of 3rd period - Snap shot by Thomas Novak.
2:19 of 3rd period - Shot Blocked by Jake Evans.
2:21 of 3rd period - Slapshot by Henri Jokiharju.
2:21 of 3rd period - Stopped by Andrei Vasilevskiy without a rebound.
2:22 of 3rd period - Colton Sissons wins face-off versus Matthew Knies in Quebec Nordiques zone.
2:31 of 3rd period - Wrist shot by Kaapo Kakko.
2:31 of 3rd period - Stopped by Andrei Vasilevskiy with a rebound.
2:33 of 3rd period - Slapshot by Colton Sissons.
2:33 of 3rd period - Shot Misses the Net.
2:35 of 3rd period - Wrist shot by Henri Jokiharju.
2:35 of 3rd period - Shot Misses the Net.
2:57 of 3rd period - Snap shot by Colton Sissons.
2:57 of 3rd period - Stopped by Andrei Vasilevskiy without a rebound.
2:58 of 3rd period - Colton Sissons wins face-off versus Dylan Larkin in Quebec Nordiques zone.
3:01 of 3rd period - Snap shot by Jeff Skinner.
3:01 of 3rd period - Shot Misses the Net.
3:03 of 3rd period - Slapshot by Nick Blankenburg.
3:03 of 3rd period - Deflect By Jeff Skinner.
3:03 of 3rd period - Shot Misses the Net.
3:03 of 3rd period - Puck is out of play.
3:04 of 3rd period - Dylan Larkin wins face-off versus Kirby Dach in Quebec Nordiques zone.
4:12 of 3rd period - Penalty to Nico Hischier is over, Nico Hischier is back on ice.
4:18 of 3rd period - Off-side.
4:19 of 3rd period - Nico Hischier wins face-off versus Kirby Dach in neutral zone.
4:31 of 3rd period - Off-side.
4:32 of 3rd period - Nico Hischier wins face-off versus Kaapo Kakko in neutral zone.
4:45 of 3rd period - Slapshot by Nico Hischier.
4:45 of 3rd period - Stopped by Jake Allen with a rebound.
5:26 of 3rd period - Snap shot by Jeff Skinner.
5:26 of 3rd period - Stopped by Andrei Vasilevskiy without a rebound.
5:27 of 3rd period - Colton Sissons wins face-off versus Nico Hischier in Quebec Nordiques zone.
5:42 of 3rd period - Snap shot by Kirby Dach.
5:42 of 3rd period - Stopped by Andrei Vasilevskiy with a rebound.
5:52 of 3rd period - Dylan Larkin is hit by Thomas Novak and loses puck.
5:59 of 3rd period - Wrist shot by Dylan Larkin.
5:59 of 3rd period - Deflect By Rickard Rakell.
5:59 of 3rd period - Stopped by Jake Allen with a rebound.
6:13 of 3rd period - Louis Crevier is hit by Thomas Harley and loses puck.
6:38 of 3rd period - Wrist shot by Alex Steeves.
6:38 of 3rd period - Stopped by Andrei Vasilevskiy without a rebound.
6:39 of 3rd period - Colton Sissons wins face-off versus Connor McDavid in Quebec Nordiques zone.
7:04 of 3rd period - Connor McDavid is hit by Paul Cotter and loses puck.
7:13 of 3rd period - Wrist shot by Brock Faber.
7:13 of 3rd period - Deflect By Will Borgen.
7:13 of 3rd period - Goal by Brock Faber - Quebec Nordiques : 2 - Philadelphia Flyers : 1.
7:14 of 3rd period - Nico Hischier wins face-off versus Colton Sissons in neutral zone.
7:17 of 3rd period - Slapshot by Jake McCabe.
7:17 of 3rd period - Stopped by Jake Allen with a rebound.
7:19 of 3rd period - Slapshot by Matthew Boldy.
7:19 of 3rd period - Shot Blocked by Nick Blankenburg.
8:07 of 3rd period - Backhand shot by Matthew Knies.
8:07 of 3rd period - Deflect By Henri Jokiharju.
8:07 of 3rd period - Shot Blocked by Cole Guttman.
8:07 of 3rd period - Puck is out of play.
8:08 of 3rd period - Nico Hischier wins face-off versus Colton Sissons in Philadelphia Flyers zone.
8:54 of 3rd period - Wrist shot by Alex Steeves.
8:54 of 3rd period - Shot Blocked by Alex DeBrincat.
8:56 of 3rd period - Wrist shot by Alex Steeves.
8:56 of 3rd period - Stopped by Andrei Vasilevskiy with a rebound.
8:58 of 3rd period - Slapshot by Louis Crevier.
8:58 of 3rd period - Stopped by Andrei Vasilevskiy without a rebound.
8:59 of 3rd period - Colton Sissons wins face-off versus Matthew Boldy in Quebec Nordiques zone.
9:10 of 3rd period - Slapshot by Thomas Harley.
9:10 of 3rd period - Deflect By Matthew Boldy.
9:10 of 3rd period - Shot Misses the Net.
9:10 of 3rd period - Puck is out of play.
9:11 of 3rd period - Nico Hischier wins face-off versus Colton Sissons in Philadelphia Flyers zone.
9:33 of 3rd period - Minor Penalty to Kirby Dach for Tripping.
9:34 of 3rd period - Connor McDavid wins face-off versus Radek Faksa in Philadelphia Flyers zone.
9:41 of 3rd period - Slapshot by Nick Blankenburg.
9:41 of 3rd period - Stopped by Andrei Vasilevskiy without a rebound.
9:42 of 3rd period - Radek Faksa wins face-off versus Connor McDavid in Quebec Nordiques zone.
9:49 of 3rd period - Snap shot by Jack McBain.
9:49 of 3rd period - Shot Misses the Net.
9:51 of 3rd period - Slapshot by Nick Blankenburg.
9:51 of 3rd period - Shot Blocked by Matthew Knies.
9:53 of 3rd period - Wrist shot by Radek Faksa.
9:53 of 3rd period - Shot Hit the Post.
10:28 of 3rd period - Snap shot by Connor McDavid.
10:28 of 3rd period - Shot Blocked by Louis Crevier.
10:30 of 3rd period - Slapshot by Brock Faber.
10:30 of 3rd period - Stopped by Jake Allen without a rebound.
10:31 of 3rd period - Radek Faksa wins face-off versus Steven Stamkos in Philadelphia Flyers zone.
10:47 of 3rd period - Backhand shot by Jack McBain.
10:47 of 3rd period - Stopped by Andrei Vasilevskiy without a rebound.
10:48 of 3rd period - Radek Faksa wins face-off versus Steven Stamkos in Quebec Nordiques zone.
11:33 of 3rd period - Penalty to Kirby Dach is over, Kirby Dach is back on ice.
11:52 of 3rd period - Jeff Skinner is hit by Noah Cates and loses puck.
12:13 of 3rd period - Wrist shot by Alex Steeves.
12:13 of 3rd period - Shot Blocked by Alex Vlasic.
13:17 of 3rd period - Backhand shot by Matthew Knies.
13:17 of 3rd period - Shot Misses the Net.
13:19 of 3rd period - Slapshot by Alexandre Carrier.
13:19 of 3rd period - Shot Blocked by Louis Crevier.
13:33 of 3rd period - Nikolaj Ehlers is hit by Zac Jones.
13:45 of 3rd period - Rickard Rakell is hit by Jack McBain.
14:15 of 3rd period - Slapshot by Thomas Novak.
14:15 of 3rd period - Stopped by Andrei Vasilevskiy without a rebound.
14:16 of 3rd period - Alex Steeves wins face-off versus Steven Stamkos in Quebec Nordiques zone.
14:52 of 3rd period - Snap shot by Jake Evans.
14:52 of 3rd period - Stopped by Jake Allen without a rebound.
14:53 of 3rd period - Colton Sissons wins face-off versus Connor McDavid in Philadelphia Flyers zone.
15:10 of 3rd period - Wrist shot by Connor McDavid.
15:10 of 3rd period - Goal by Connor McDavid - Quebec Nordiques : 3 - Philadelphia Flyers : 1.
15:11 of 3rd period - Jeff Skinner wins face-off versus Dylan Larkin in neutral zone.
15:22 of 3rd period - Snap shot by Radek Faksa.
15:22 of 3rd period - Shot Blocked by Jake McCabe.
15:35 of 3rd period - Icing by Henri Jokiharju.
15:36 of 3rd period - Jeff Skinner wins face-off versus Steven Stamkos in Philadelphia Flyers zone.
15:51 of 3rd period - Snap shot by Jake Evans.
15:51 of 3rd period - Stopped by Jake Allen without a rebound.
15:52 of 3rd period - Radek Faksa wins face-off versus Dylan Larkin in Philadelphia Flyers zone.
16:06 of 3rd period - Snap shot by Nikolaj Ehlers.
16:06 of 3rd period - Stopped by Jake Allen with a rebound.
16:50 of 3rd period - Backhand shot by Nick Blankenburg.
16:50 of 3rd period - Deflect By Jack McBain.
16:50 of 3rd period - Stopped by Andrei Vasilevskiy without a rebound.
16:51 of 3rd period - Connor McDavid wins face-off versus Radek Faksa in Quebec Nordiques zone.
16:58 of 3rd period - Wrist shot by Matthew Knies.
16:58 of 3rd period - Shot Misses the Net.
17:04 of 3rd period - Alexandre Carrier is hit by Jeff Skinner and loses puck.
17:27 of 3rd period - Alexandre Carrier is hit by Alex Steeves and loses puck.
17:31 of 3rd period - Icing by Alexandre Carrier.
17:32 of 3rd period - Dylan Larkin wins face-off versus Radek Faksa in Quebec Nordiques zone.
17:57 of 3rd period - Michael Anderson is hit by Jack McBain and loses puck.
18:12 of 3rd period - Slapshot by Dylan Larkin.
18:12 of 3rd period - Deflect By Rickard Rakell.
18:12 of 3rd period - Stopped by Jake Allen without a rebound.
18:13 of 3rd period - Alex Steeves wins face-off versus Steven Stamkos in Philadelphia Flyers zone.
Goals for this period are 2 for Quebec Nordiques vs 1 for Philadelphia Flyers.
Shots for this period are 11 for Quebec Nordiques vs 13 for Philadelphia Flyers.